[Event "Baku Open 2024"]
[Site "Baku"]
[Date "2024.07.03"]
[Round "5.11"]
[White "Galaktionov, Artem"]
[Black "Samadov, Read"]
[Result "0-1"]
[ECO "E92"]
[WhiteElo "2358"]
[BlackElo "2503"]
[Annotator "TA"]
[PlyCount "100"]
[EventDate "2024.06.29"]
[EventType "swiss"]
[EventCountry "AZE"]
[SourceTitle "playchess.com"]
[Source "ChessBase"]
[SourceQuality "1"]
[TimeControl "5400+30"]

1. d4 Nf6 2. c4 g6 3. Nc3 Bg7 4. e4 d6 5. Nf3 O-O 6. Be2 e5 7. O-O h6 8. Be3 Ng4 9. Bc1 Nd7 {[%emt 0:02:04] Recently 9...Nf6 got a lot of attention.} 10. h3 {[%emt 0:02:14] E92: King's Indian: Classical: 6 Be2 e5: 7 dxe5, 7 Be3 and Petrosian System without 7...Nbd7.} exd4 11. Nxd4 Ngf6 12. f4 Re8 13. Bf3 Nc5 $146 ({Predecessor:} 13... c6 14. Re1 a5 15. Be3 Nc5 16. Bf2 Nfd7 17. Qd2 a4 18. Rad1 Qa5 19. Nc2 Nb6 20. Qxd6 {½-½ Schuurman,P (2234)-Gilbert,J (2098) EU-ch (Women) 7th 2006 (10)}) 14. Re1 $1 a5 15. Nb3 Ncd7 (15... Nfd7 $11) 16. Be3 $14 a4 17. Nd4 Nc5 18. Qc2 c6 19. Rab1 (19. Rad1 $14 Nfd7 20. Bf2) 19... Qa5 20. b4 axb3 21. axb3 Qb4 22. Bf2 Bd7 23. Qd2 Ne6 24. Nc2 Nxe4 25. Nxe4 Qxd2 26. Nxd2 Ra2 27. Bd1 Nxf4 28. Rxe8+ Bxe8 29. Ne4 d5 (29... Be5 $16 {is a better defense.}) 30. Nb4 $18 Ra8 31. cxd5 cxd5 32. Nc5 $1 Bb5 33. Be3 Bf8 34. Kh1 $2 (34. Nxb7 Bxb4 35. Bxf4 Ba6 $16) (34. Rc1 $1 $18 Bd6 35. Nxb7 Nxh3+ 36. gxh3 Bxb4 37. Bf3 (37. Bxh6 Ba6 $18)) 34... Re8 $1 $11 35. Bxf4 Re1+ 36. Kh2 Bxc5 37. Nxd5 Bc6 $1 38. Nc3 g5 39. Bb8 Bg1+ 40. Kg3 Bd4 $1 41. Ne2 Be3 42. Be5 f5 43. b4 Bd5 {[%emt 0:01:40] [#]} (43... Kf8 $1 $11) 44. Nc3 ({White should try} 44. Bd4 $1 Rxe2 45. Bxe2 Bxd4 46. Bf3 Be5+ 47. Kf2 Bd4+ 48. Kf1) 44... f4+ $16 45. Kg4 Be6+ {[%emt 0:00:05] [#]} 46. Kf3 $1 (46. Kh5 Bd2 47. Ne2 Bd5 $18) 46... Bd2 $1 47. Ne2 $1 Bd5+ 48. Kf2 Bc4 49. Bc3 $2 (49. b5 $16 {and life is bright. Black must now prevent Ra1.} Kf8 50. Bd6+ Kg7 51. Ra1) 49... Bxc3 $19 50. Nxc3 $2 (50. Rc1 $19 b5 (50... Bxb4 $2 {too greedy.} 51. Rxc4 Rxd1 52. Rxb4 $18) (50... Bxe2 $2 51. Bb3+ Kg7 52. Rxc3 $18) 51. Rxc3 Rxd1 52. Rc2) 50... Rf1# 0-1

[Event "Baku Open 2024"]
[Site "Baku"]
[Date "2024.07.03"]
[Round "5.12"]
[White "Atakishiyev, Elmar"]
[Black "Shyam, Sundar M."]
[Result "1/2-1/2"]
[ECO "D07"]
[WhiteElo "2356"]
[BlackElo "2493"]
[Annotator "TA"]
[PlyCount "21"]
[EventDate "2024.06.29"]
[EventType "swiss"]
[EventCountry "AZE"]
[SourceTitle "playchess.com"]
[Source "ChessBase"]
[SourceQuality "1"]
[TimeControl "5400+30"]

1. d4 d5 2. c4 Nc6 3. Nf3 Bg4 4. Nc3 Nf6 5. cxd5 Nxd5 6. e4 Bxf3 7. gxf3 Nxc3 8. bxc3 e5 9. Bb5 Bd6 10. Rg1 {[%emt 0:09:51] White is more active.} Kf8 11. Rh1 {[%emt 0:55:45] Black got outplayed after the opening.   Weighted Error Value: White=0.16 (very precise) /Black=0.13 (very precise) .  Inaccurate:     	White=1     	---} 1/2-1/2

[Event "Baku Open 2024"]
[Site "Baku"]
[Date "2024.07.03"]
[Round "5.13"]
[White "Mohamed Anees M"]
[Black "Assaubayeva, Bibisara"]
[Result "1/2-1/2"]
[ECO "C70"]
[WhiteElo "2306"]
[BlackElo "2472"]
[Annotator "TA"]
[PlyCount "72"]
[EventDate "2024.06.29"]
[EventType "swiss"]
[EventCountry "AZE"]
[SourceTitle "playchess.com"]
[Source "ChessBase"]
[SourceQuality "1"]
[TimeControl "5400+30"]

1. e4 e5 2. Nf3 Nc6 3. Bb5 a6 4. Ba4 b5 5. Bb3 Na5 6. O-O d6 7. d4 exd4 8. Nxd4 Bb7 9. Nf3 (9. Bd2 $14 Nxb3 10. Nxb3) 9... Nf6 10. Nc3 Be7 11. Re1 O-O 12. Qd3 Nxb3 13. axb3 Re8 14. Bd2 d5 15. e5 Ne4 16. Bf4 Nc5 17. Qe3 b4 18. Ne2 Qc8 19. Nfd4 Ne4 20. Ng3 Nxg3 21. Qxg3 c5 22. Nf3 Qf5 23. Re2 a5 24. Bg5 Bxg5 25. Qxg5 Qxg5 26. Nxg5 f6 {[%emt 0:05:11] Repels f4} 27. Nf3 d4 28. Nd2 Bd5 (28... fxe5 29. f3 $11) 29. f4 fxe5 {[%emt 0:00:06] [#] White must now prevent ...e4.} 30. Rae1 a4 31. bxa4 {[%emt 0:00:05] The position is equal.} c4 (31... Rxa4 32. Rxe5 Rd8 (32... Rxe5 33. Rxe5 Bf7 34. Rxc5 $16) 33. Re8+ Rxe8 34. Rxe8+ Kf7 35. Re5) (31... e4 $5 32. Nxe4 Bxe4 (32... Rxa4 $2 33. Nf6+ gxf6 34. Rxe8+ Kf7 35. f5 $18) 33. Rxe4 Rxe4 34. Rxe4 Rxa4 $14) 32. Rxe5 Red8 33. Ne4 Rxa4 {[%emt 0:01:25] Black wants to play ...Ra2.} 34. Rd1 Bf7 35. Rb5 Be8 36. Rc5 b3 {[%emt 0:01:38] Weighted Error Value: White=0.11 (very precise) /Black=0.09 (flawless) .  Inaccurate:     	White=3     	Black=5      OK:         	White=12    	Black=10     Best:        	---       	Black=1} 1/2-1/2

[Event "Baku Open 2024"]
[Site "Baku"]
[Date "2024.07.03"]
[Round "5.14"]
[White "Israilov, Agil"]
[Black "Shuvalova, Polina"]
[Result "1/2-1/2"]
[ECO "C90"]
[WhiteElo "2141"]
[BlackElo "2467"]
[Annotator "TA"]
[PlyCount "44"]
[EventDate "2024.06.29"]
[EventType "swiss"]
[EventCountry "AZE"]
[SourceTitle "playchess.com"]
[Source "ChessBase"]
[SourceQuality "1"]
[TimeControl "5400+30"]

1. e4 e5 2. Nf3 Nc6 3. Bb5 a6 4. Ba4 Nf6 5. O-O Be7 6. d3 b5 7. Bb3 d6 8. a4 Bd7 9. c3 O-O 10. Bc2 Re8 11. Nbd2 Bf8 12. Re1 h6 {[%emt 0:00:27] The position is equal.} 13. Nf1 d5 14. Ne3 Be6 15. exd5 Nxd5 16. d4 exd4 17. Nxd4 Nxd4 18. Qxd4 Nf6 19. Qxd8 Rexd8 20. Nf5 c5 21. Bf4 b4 22. Ne3 Bd6 {[%emt 0:28:26] A rather calm draw.   Weighted Error Value: White=0.04 (flawless) /Black=0.00 (flawless) .  OK:         	White=5     	Black=6} 1/2-1/2

[Event "Baku Open 2024"]
[Site "Baku"]
[Date "2024.07.03"]
[Round "5.15"]
[White "Agmanov, Zhandos"]
[Black "Akhilbay, Imangali"]
[Result "1/2-1/2"]
[ECO "C11"]
[WhiteElo "2464"]
[BlackElo "2303"]
[Annotator "RC"]
[PlyCount "33"]
[EventDate "2024.06.29"]
[EventType "swiss"]
[EventCountry "AZE"]
[SourceTitle "playchess.com"]
[Source "ChessBase"]
[SourceQuality "1"]
[TimeControl "5400+30"]

1. e4 e6 2. d4 d5 3. Nc3 Nf6 4. e5 Nfd7 5. f4 c5 6. Nf3 Nc6 7. Be3 a6 8. a3 cxd4 9. Nxd4 Bc5 10. Qd2 g5 11. Nxc6 Bxe3 12. Qxe3 bxc6 13. O-O-O Qb6 14. Qxb6 Nxb6 15. fxg5 Bb7 16. Bd3 Ke7 17. h4 1/2-1/2

[Event "Baku Open 2024"]
[Site "Baku"]
[Date "2024.07.03"]
[Round "5.16"]
[White "Bharadia Yash"]
[Black "Jubin Jimmy"]
[Result "0-1"]
[ECO "C78"]
[WhiteElo "2100"]
[BlackElo "2452"]
[Annotator "TA"]
[PlyCount "166"]
[EventDate "2024.06.29"]
[EventType "swiss"]
[EventCountry "AZE"]
[SourceTitle "playchess.com"]
[Source "ChessBase"]
[SourceQuality "1"]
[TimeControl "5400+30"]

1. e4 e5 2. Nf3 Nc6 3. Bb5 a6 4. Ba4 Nf6 5. O-O b5 6. Bb3 Bc5 7. a4 Rb8 8. c3 d6 9. d4 Bb6 10. a5 {[%emt 0:00:49] 10.a5 scores better than 10.axb5. C78: Ruy Lopez: Archangelsk and Möller Defences.} Ba7 11. h3 Bb7 12. Re1 O-O 13. Bg5 h6 14. Bh4 g5 15. Bg3 Re8 16. dxe5 dxe5 $146 ({Predecessor:} 16... Nxe5 17. Bc2 Nc4 18. b3 Nxe4 19. Bxe4 Bxe4 20. bxc4 bxc4 21. Nbd2 Bd3 22. Qa4 Rb5 23. Nxc4 Rxe1+ 24. Rxe1 {1-0 Fedoseev,V (2704)-Pichot,A (2628) FIDE Grand Swiss 2021 (6)}) 17. Nfd2 Qd3 18. Kh1 Rbd8 19. Bc2 Qd6 20. Qf3 Bc8 21. Qe2 Ne7 22. Nf1 Ng6 23. Ne3 Nf4 24. Qf3 h5 25. Bh2 g4 26. Qg3 Ng6 27. h4 Qc5 28. Bg1 Qf8 29. f3 Bb8 30. Nf5 c5 31. Qf2 Bxf5 32. exf5 Nf4 33. Nd2 Qe7 34. Bh2 Nd3 35. Bxd3 Rxd3 36. Ne4 c4 37. Qb6 Nxe4 38. Rxe4 Qxh4 39. Qh6 Rd6 40. Qe3 Red8 41. Re1 Rd1 42. g3 Qf6 43. fxg4 Ba7 44. Qe2 Qc6 45. Rxd1 Rxd1+ 46. Kg2 Rd2 47. Qxd2 Qxe4+ 48. Kh3 Qxg4+ 49. Kg2 Qe4+ 50. Kh3 Qxf5+ 51. Kg2 Kg7 52. Bg1 Bxg1 53. Kxg1 f6 54. Qd6 (54. Kh2 $142 Qb1 55. Qd7+ Kg6 56. Qe8+ Kg5 57. Qg8+ Qg6 58. Qc8) 54... Qb1+ $19 55. Kh2 Qxb2+ 56. Kh3 Qb1 57. Qe7+ Kg6 58. Qe8+ Kg5 59. Qg8+ Qg6 60. Qd5 Qf5+ 61. Kh2 Qf2+ (61... Qc2+ $142 62. Kh3 h4 (62... Qxc3 $2 63. Qg8+ Kf5 64. Qc8+ Ke4 65. Qxa6 $19) 63. Qg8+ Qg6 64. gxh4+ Kf5 65. Qd5 Qg4+ 66. Kh2 Qxh4+ 67. Kg1 Qg3+ 68. Kh1 Qxc3 69. Qf7 Qf3+ (69... Qxa5 70. Qh5+ Kf4 71. Qh6+ Ke4 72. Qh4+ Ke3 73. Qh6+ Ke2 74. Qh8 $19) 70. Kg1 c3 71. Kh2 Qf2+ 72. Kh1 Qh4+ 73. Kg2 c2 74. Qd7+ Ke4 75. Qc6+ Kd3 76. Qd7+ Ke2 77. Qf5 Qg5+ (77... c1=B 78. Qf3+ Kd2 79. Qc6 Qg4+ 80. Kf2 Bb2 81. Kf1 Bd4 82. Qg2+ Qxg2+ 83. Kxg2 e4 84. Kh2 e3 85. Kh3 e2 86. Kg4 e1=Q 87. Kf5 Qe8 88. Kg4 Qg6+ 89. Kh3 Qg1 90. Kh4 Bf2+ 91. Kh5 Qg5#) 78. Qxg5 fxg5 79. Kg3 c1=Q (79... c1=B {is a self mate.} 80. Kg4 b4 81. Kh5 b3 82. Kg6 b2 83. Kf6 b1=Q 84. Ke6 g4 85. Kf7 g3 86. Kf6 g2 87. Ke6 g1=Q 88. Kxe5 Qc5+ 89. Kf6 Qbf5+ 90. Kg7 Qcf8#) 80. Kg4 Qc8+ 81. Kxg5 Qe6 82. Kh5 b4 83. Kh4 Qg6 84. Kh3 Kf3 85. Kh4 Qh6#) 62. Kh3 $19 Qf1+ 63. Kh2 Qf2+ (63... Qf5 $142 64. Qd2+ Kg6) 64. Kh3 $1 $19 Qf5+ 65. Kh2 $1 Qc2+ 66. Kh3 Qd3 $2 (66... h4 {( -> ...hxg3)} 67. Qg8+ Qg6 68. gxh4+ Kf5) 67. Qg8+ $19 Qg6 68. Qd5 $1 Qe8 69. Kh2 Qc8 70. Qd6 Kg6 71. Qd5 b4 72. cxb4 c3 73. Qd3+ Kg7 74. Qc2 Qc6 75. Kg1 Qc4 76. b5 axb5 (76... Qxb5 77. Qxc3 Qb7 78. Qc2 $17) 77. a6 b4 78. a7 Qa6 (78... b3 $142 79. Qd1 c2 (79... Qc5+ $2 80. Kg2 $19) 80. Qd7+ Kg6 81. a8=Q c1=Q+ (81... c1=B 82. Qae8+ Kg5 83. Qg7+ Kf5 84. Qgg6#) 82. Kh2 Q1c2+ 83. Qg2 Qxg2+ 84. Kxg2 b2 85. Qe8+ Kg5 86. Qb8 Qa2 87. Kf3 b1=Q (87... b1=B $2 88. Qd6 $19) 88. Qxb1 Qxb1 89. Ke2 Qc2+ 90. Kf3 Qd1+ 91. Kg2 Qe2+ 92. Kh1 Kg4 93. Kg1 Kxg3 94. Kh1 Qh2#) 79. Qf2 $19 Qa5 80. g4 hxg4 81. Kh2 c2 82. Qxc2 Qxa7 83. Qf5 Qd4 0-1

[Event "Baku Open 2024"]
[Site "Baku"]
[Date "2024.07.03"]
[Round "5.17"]
[White "Khamdamova, Afruza"]
[Black "Gokerkan, Cem Kaan"]
[Result "0-1"]
[ECO "B92"]
[WhiteElo "2291"]
[BlackElo "2512"]
[Annotator "TA"]
[PlyCount "112"]
[EventDate "2024.06.29"]
[EventType "swiss"]
[EventCountry "AZE"]
[SourceTitle "playchess.com"]
[Source "ChessBase"]
[SourceQuality "1"]
[TimeControl "5400+30"]

1. e4 c5 2. Nf3 d6 3. d4 cxd4 4. Nxd4 Nf6 5. Nc3 a6 6. Be2 e5 7. Nb3 Be6 8. O-O Nbd7 9. Qd3 Rc8 10. Bd2 Bc4 11. Qf3 {[%emt 0:05:36] The position is equal.} Be7 12. Rad1 b5 13. Bxc4 Rxc4 14. a3 O-O 15. Rfe1 h6 16. Be3 Qa8 17. Nd2 Rc6 18. Nf1 Rfc8 19. Bd2 Bf8 20. Ne3 g6 (20... Qb7 $14) 21. Ng4 (21. Ncd5 $142 Kg7 (21... Nxd5 22. Nxd5 b4 23. axb4 $18) 22. Nb4) 21... Nxg4 $16 22. Qxg4 Nb6 23. Bc1 (23. Qh4 $16) 23... h5 $11 24. Qh4 Qb7 25. Rd3 a5 {[%emt 0:00:27] ...b4 would now be deadly.} 26. Nxb5 {[%emt 0:11:13] Black keeps a firm grip on the game.} (26. g4 $11 b4 27. axb4 axb4 28. Nd1) 26... Rxc2 $19 27. Nc3 {[%emt 0:00:36] [#]} (27. Rc3 $17) 27... Na4 $1 $40 {[%emt 0:00:29][%cal Oc2c1][%mdl 640] Black attacks with force.} 28. Qh3 (28. Qg5 Nxc3) 28... Nxc3 ({Resist} 28... Nxb2 29. Bxb2 Rxb2 30. Nd5 $17) 29. bxc3 {[%emt 0:00:26] [#]} Qxe4 30. Bd2 Qc4 31. Rd1 Rb8 ({Don't take} 31... d5 32. Be1 $19) 32. Be1 Ra2 33. Qe3 Rxa3 34. h3 Rab3 35. Rd5 a4 {[%emt 0:00:59] Strongly threatening ...Rb1.} 36. Ra5 Rb1 37. Rxb1 Rxb1 38. g3 Qc6 (38... Bh6 $142 39. f4 h4 (39... exf4 $2 40. gxf4 Kh7 41. Kg2 $19)) 39. Kh2 Rb8 40. Qa7 Rb1 41. Qe3 Kg7 42. h4 Be7 43. Qe2 Bd8 44. Ra7 Rb7 $2 (44... Bb6 45. Ra6 Ra1) 45. Ra6 (45. Qa6 Qxa6 46. Rxa6) 45... Rb6 46. Ra7 Rb7 47. Ra6 Qd7 (47... Rb2 48. Qd3 Bb6) 48. Qe4 (48. Qd1 Bb6 49. Rxa4) 48... Ra7 49. Qc4 Rxa6 50. Qxa6 {[%emt 0:00:03][%mdl 4096] Endgame. KQB-KQB} d5 51. Bd2 Be7 52. f4 Bd6 {[%emt 0:01:22] White must now prevent ...exf4.} 53. fxe5 Bxe5 54. Qe2 Qc7 {[%emt 0:00:29][%cal Oa4a3] Hoping for ...a3!} 55. Qd3 Qc4 56. Qe3 Qxh4+ {[%emt 0:00:06] Weighted Error Value: White=0.54/Black=0.31.  Mistake:       	White=5     	Black=1      Inaccurate:     	White=5     	Black=2      OK:         	White=8     	Black=15     Brilliant:      	---       	Black=1} 0-1

[Event "Baku Open 2024"]
[Site "Baku"]
[Date "2024.07.03"]
[Round "5.18"]
[White "Babazada, Khazar"]
[Black "Rustamov, Rustam"]
[Result "1-0"]
[ECO "B94"]
[WhiteElo "2468"]
[BlackElo "2285"]
[Annotator "TA"]
[PlyCount "49"]
[EventDate "2024.06.29"]
[EventType "swiss"]
[EventCountry "AZE"]
[SourceTitle "playchess.com"]
[Source "ChessBase"]
[SourceQuality "1"]
[TimeControl "5400+30"]

1. e4 c5 2. Nf3 d6 3. d4 cxd4 4. Nxd4 Nf6 5. Nc3 a6 6. Bg5 Nbd7 7. Bc4 Qb6 8. Bb3 e6 9. Qd2 Be7 {[%emt 0:00:34] The position is equal.} 10. O-O-O Nc5 11. Rhe1 {[%emt 0:02:39][%cal Od4f5] [#] Nf5! is the strong threat.} Qc7 12. f4 {[%emt 0:03:56][%cal Bf2f4,Bf4e5][%mdl 32] Black should prevent e5.} O-O (12... h6 $5 13. Bxf6 Bxf6 $11) 13. Kb1 (13. e5 $14 dxe5 14. fxe5) 13... b5 14. e5 dxe5 15. fxe5 Ne8 16. Ne4 $36 {[%emt 0:16:00][%mdl 2048] aiming for Bxe7. White is more active.} Nxb3 17. axb3 Bb7 18. Ng3 Rc8 19. Nh5 (19. Bxe7 {simplifies} Qxe7 20. Ne4 h6 21. b4) 19... Qd8 20. h4 Nc7 $2 {[%emt 0:01:08][%mdl 8192] [#] Black cannot hold the game after this.} (20... Kh8 $14) 21. Bf6 $1 $18 gxf6 (21... Bxf6 $142 22. exf6 Qd5) 22. Qh6 Ne8 {[%emt 0:00:01] Repels Qg7+} 23. Nc6 Bxc6 (23... Qxd1+ {was worth a try.} 24. Rxd1 Bxc6) 24. Rxd8 Rxd8 25. Nxf6+ $2 {[%emt 0:00:27] Weighted Error Value: White=0.17 (very precise) /Black=0.62.  Loses game:     	---       	Black=1      Missed win:     	White=1     	---        Mistake:       	White=1     	Black=1      Inaccurate:     	White=1     	Black=3      OK:         	White=4     	Black=7      Best:        	White=2     	Black=1      Strong:       	White=1     	---} (25. Re3 $18 Be4 (25... Bxg2 26. Rg3+ Kh8 27. Nxf6 Rd1+ 28. Ka2) 26. Rxe4) 1-0

[Event "Baku Open 2024"]
[Site "Baku"]
[Date "2024.07.03"]
[Round "5.19"]
[White "Ilamparthi A R"]
[Black "Bayramov, Zaur"]
[Result "1-0"]
[ECO "A08"]
[WhiteElo "2446"]
[BlackElo "2249"]
[Annotator "TA"]
[PlyCount "53"]
[EventDate "2024.06.29"]
[EventType "swiss"]
[EventCountry "AZE"]
[SourceTitle "playchess.com"]
[Source "ChessBase"]
[SourceQuality "1"]
[TimeControl "5400+30"]

1. e4 c5 2. Nf3 e6 3. d3 Nc6 4. g3 g6 5. Bg2 Bg7 6. O-O Nge7 7. c3 d5 8. Qe2 d4 9. e5 dxc3 10. Nxc3 O-O {[%emt 0:04:15] The position is equal.} 11. h4 (11. Rd1 $14 {was preferrable.}) 11... Nf5 12. Bf4 Nfd4 (12... h5 $11) 13. Nxd4 $14 Nxd4 14. Qd2 Qa5 {[%emt 0:03:37] [#]} 15. h5 $1 {[%emt 0:07:22] Threatens to win with h6.} Re8 (15... Qb6 16. h6) 16. Rfe1 Rb8 17. Bh6 Bh8 (17... Bxh6 $16 {was worth a try.} 18. Qxh6 Qc7) 18. Bg5 $18 Bd7 19. Bf6 Bxf6 20. exf6 Qd8 21. Ne4 {[%emt 0:14:04] [#] g4 is the strong threat.} Bc6 22. hxg6 $40 {[%emt 0:06:40][%mdl 128] White wants a kill.} (22. Nxc5 Bxg2 23. Kxg2 Qxf6 $15 (23... gxh5 24. Qg5+ Kh8 25. Qg7#)) 22... hxg6 $2 (22... fxg6 23. f7+ (23. Nxc5 Qxf6 24. Ne4 Qg7 $11) 23... Kxf7) 23. Qh6 (23. Nxc5 Bxg2 24. Kxg2 Qxf6 $15) 23... Nf5 {[%emt 0:00:02] Dodges Qg7+} 24. Qg5 {[%emt 0:00:08] g4 would now be deadly.} e5 25. g4 ({Less strong is} 25. Nxc5 Qd6 $18) 25... Bxe4 26. dxe4 ({Weaker is} 26. Bxe4 Ng7 $18) 26... Ng7 (26... Nd4 27. Qh4 Re6 28. g5 $18) 27. Rad1 {[%emt 0:00:25] Weighted Error Value: White=0.07 (flawless) /Black=0.42.  Mistake:       	White=1     	Black=3      Inaccurate:     	White=1     	Black=2      OK:         	White=7     	Black=4      Best:        	White=4     	Black=2} 1-0

[Event "Baku Open 2024"]
[Site "Baku"]
[Date "2024.07.03"]
[Round "5.20"]
[White "Moosavifar, Seyed Abolfazl"]
[Black "Aradhya, Garg"]
[Result "1/2-1/2"]
[ECO "C54"]
[WhiteElo "2283"]
[BlackElo "2418"]
[Annotator "TA"]
[PlyCount "135"]
[EventDate "2024.06.29"]
[EventType "swiss"]
[EventCountry "AZE"]
[SourceTitle "playchess.com"]
[Source "ChessBase"]
[SourceQuality "1"]
[TimeControl "5400+30"]

1. e4 e5 2. Nf3 Nc6 3. Bc4 Nf6 4. d3 Bc5 5. c3 O-O 6. O-O d5 7. exd5 Nxd5 8. Re1 Bg4 9. h3 Bh5 10. b4 Ndxb4 11. g4 $1 $14 {[%emt 0:03:43][%cal Oc3b4,Bg2g4,Bg4h5][%mdl 32] White is slightly better.} (11. cxb4 Bxf3 12. Qxf3 Bd4 $17) 11... e4 $1 12. cxb4 (12. gxh5 exf3 13. Qxf3 Nc2 $19) 12... exf3 (12... Bxf2+ $1 $14 13. Kxf2 exf3 14. Qxf3 (14. gxh5 Qh4+ 15. Kxf3 Qxh3+ 16. Kf4 Qh2+ 17. Kg4 Qg2+ 18. Kf4 Qf2+ 19. Kg4 Rae8 $15) 14... Bxg4 (14... Qd4+ 15. Be3 $11) 15. Qxg4 (15. hxg4 Qd4+ 16. Kg2 Qxa1 $14) 15... Qf6+ 16. Bf4 Qxa1) 13. bxc5 $18 Qf6 $2 (13... Bxg4 14. hxg4 Qd4 15. Qxf3 Qxa1) 14. Nc3 (14. d4 Bxg4 15. hxg4 Rad8 $18) (14. Bd2 $142) 14... Qxc3 15. Bd2 Qf6 16. gxh5 Nd4 17. Re4 {[%emt 0:04:29] Wards off Qh4} Rae8 (17... Ne2+ $16 18. Kh2 Rae8) 18. Rg4 ({Better is} 18. Bc3 $1 $18 Rxe4 19. dxe4 Ne2+ (19... Qg5+ 20. Kf1 $16) 20. Bxe2 Qg5+ 21. Kf1 Qg2+ 22. Ke1 fxe2 23. Qd4 (23. Qxe2 Re8 $18) (23. Kxe2 $2 Qxe4+ 24. Kf1 Qh1+ 25. Ke2 Re8+ 26. Kd2 Rd8+ 27. Kc2 Qe4+ 28. Kb2 Rxd1 $19)) 18... Ne2+ $16 19. Kh1 Re5 {[%emt 0:01:01] [#]} 20. d4 $1 Rxh5 21. Bxe2 Rxh3+ 22. Kg1 h5 {[%emt 0:03:42] [#]} 23. Rg5 ({Stronger than} 23. Bg5 Qf5 24. Rg3 fxe2 $17 (24... Rxg3+ 25. fxg3 Qxg5 26. Bxf3 $15)) 23... fxe2 24. Qxe2 Qxd4 25. Qe5 {[%emt 0:01:06] Really sharp!} (25. Re1 {seems wilder.} Rd8 26. Kg2 Rh4 27. Be3) 25... Qxe5 26. Rxe5 Rd8 (26... f6 $142 27. Rd5 Rh4) 27. Be3 Kf8 {[%emt 0:01:17] Prevents Re7} (27... Rh4 $16 28. Rb1 b6) 28. Kg2 Rh4 29. Kg3 Rg4+ 30. Kf3 Rh4 31. Rb1 b6 32. c6 (32. Rb3 $16) 32... f6 $14 33. Re4 ({White should play} 33. Rf5 $1 $14) 33... Rxe4 $11 34. Kxe4 {[%emt 0:00:01][%mdl 4096] Endgame. KRB-KR} g5 {[%emt 0:02:53] Repels Bf4} (34... Rd6 $11 {remains equal.}) 35. f4 Re8+ 36. Kf3 {[%emt 0:04:11] White is more active.} (36. Kd3 $1 $14 Rd8+ 37. Ke2) 36... g4+ 37. Kf2 Re6 38. Rc1 Ke7 39. f5 Re5 40. Rd1 {[%emt 0:00:01] Hoping for Rd7+.} Rxf5+ 41. Ke2 Ke6 42. Rd7 h4 43. Rxc7 Kd6 (43... Ra5 44. Rh7 Rxa2+ 45. Kd3 Ra3+ 46. Kd2 $11) 44. Rxa7 {[%emt 0:00:42] aiming for c7.} Kxc6 45. Ra4 Ra5 46. Rc4+ (46. Rxg4 {simplifies} Rxa2+ 47. Bd2 b5 48. Rxh4 Kd5 49. Kd3) 46... Kd5 47. Rd4+ (47. Rxg4 {simplifies} Rxa2+ 48. Kf3 Rb2 49. Rxh4 b5 50. Rf4) 47... Ke5 48. a4 (48. Rxg4 $5 Rxa2+ 49. Bd2 $11) 48... b5 {[%emt 0:07:29] The position is equal.} 49. axb5 {[%emt 0:00:02] Rb4 is the strong threat.} Ra2+ $1 50. Kf1 h3 51. Rb4 Kd5 {[%emt 0:05:13] ( -> ...h2)} (51... h2 $5 52. Bf4+ $8 Kd5 53. Bxh2 Rxh2 $11) 52. Bf4 {[%emt 0:00:31] Threatens to win with b6.} h2 53. Bxh2 Rxh2 {[%emt 0:00:02] KR-KR} 54. b6 Rh8 55. Rxg4 Rb8 56. Rb4 Kc5 57. Rb1 Rxb6 58. Rxb6 Kxb6 {[%emt 0:00:07] KP-K} 59. Kf2 Kc5 60. Kf3 Kd5 61. Kf4 Ke6 62. Ke4 f5+ 63. Kf4 Kf6 64. Kf3 Kg5 65. Kg3 f4+ 66. Kf3 Kf5 67. Kf2 Ke4 68. Ke2 {[%emt 0:00:06] Black defended with fortune.   Weighted Error Value: White=0.17 (very precise) /Black=0.16 (very precise) .  Mistake:       	White=5     	Black=7      Inaccurate:     	White=3     	Black=1      OK:         	White=19    	Black=28     Best:        	White=8     	Black=6      Strong:       	White=2     	Black=2} 1/2-1/2

[Event "Baku Open 2024"]
[Site "Baku"]
[Date "2024.07.03"]
[Round "5.21"]
[White "Zverev, Lev"]
[Black "Bizhigitov, Zhangir"]
[Result "1-0"]
[ECO "C55"]
[WhiteElo "2416"]
[BlackElo "2212"]
[Annotator "RC"]
[PlyCount "81"]
[EventDate "2024.06.29"]
[EventType "swiss"]
[EventCountry "AZE"]
[SourceTitle "playchess.com"]
[Source "ChessBase"]
[SourceQuality "1"]
[TimeControl "5400+30"]

1. e4 e5 2. Nf3 Nc6 3. Bc4 Nf6 4. d3 h6 5. O-O d6 6. c3 g5 7. a4 Bg7 8. a5 O-O 9. Nbd2 Ne7 10. Re1 Ng6 11. Nf1 c6 12. h3 d5 13. Bb3 Re8 14. Ng3 Nf4 15. d4 exd4 16. e5 Ne4 17. cxd4 Nxg3 18. fxg3 Ng6 19. Bc2 Be6 20. b4 Nf8 21. Qd3 f5 22. h4 g4 23. Nh2 b6 24. Ba3 h5 25. Nf1 Ng6 26. Ne3 Rf8 27. Rf1 Ne7 28. Rf2 Rf7 29. Raf1 Bh6 30. b5 Bxe3 31. Qxe3 cxb5 32. Qh6 Qd7 33. Bxe7 Qxe7 34. Bxf5 Bxf5 35. Rxf5 Rh7 36. Qg6+ Rg7 37. Qxh5 b4 38. axb6 axb6 39. Rf6 Rb8 40. Rh6 Rh7 41. Rff6 1-0